 Dungeon Crawl Stone Soup version 0.21-a0-641-geef9d7f (webtiles) character file.

101 TheDeThijs the Poker (level 4, 0/34 HPs)
             Began as a Merfolk Gladiator on Dec 30, 2017.
             Was an Initiate of Dithmenos.
             Slain by an orc priest (1 damage)
             ... on level 3 of the Dungeon.
             The game lasted 00:07:44 (1665 turns).

TheDeThijs the Poker (Merfolk Gladiator)            Turns: 1665, Time: 00:07:45

Health: 0/34       AC:  4    Str: 14    XL:     4   Next: 75%
Magic:  4/4        EV: 14    Int:  7    God:    Dithmenos [......]
Gold:   79         SH:  0    Dex: 16    Spells: 3/3 levels left

rFire    . . .     SeeInvis .   a - +0 trident
rCold    . . .     Gourm    .   (no shield)
rNeg     . . .     Faith    .   b - +0 leather armour
rPois    .         Spirit   .   c - +0 helmet
rElec    .         Reflect  .   (no cloak)
rCorr    .         Harm     .   (no gloves)
MR       .....                  (no boots)
Stlth    +.........             (no amulet)
HPRegen  0.11/turn              (no ring)
MPRegen  0.09/turn              (no ring)

@: confused
A: change form in water, swift swim, stealthy swim
a: Renounce Religion


You were on level 3 of the Dungeon.
You worshipped Dithmenos.
Dithmenos was noncommittal.
You were not hungry.

You visited 1 branch of the dungeon, and saw 3 of its levels.

You collected 79 gold pieces.

Inventory:

Hand Weapons
 a - a +0 trident (weapon)
Missiles
 d - 2 throwing nets (quivered)
Armour
 b - a +0 leather armour (worn)
 c - a +0 helmet (worn)
 p - quicksilver dragon scales
 r - a +1 robe of magic resistance
 w - a cursed +0 helmet
Magical Staves
 s - an uncursed staff of poison {unknown}
Jewellery
 q - an uncursed amulet of faith {unknown}
 u - an uncursed ring of flight {unknown}
Scrolls
 e - a scroll of fog {unknown}
 i - a scroll of enchant weapon {unknown}
 k - 2 scrolls of amnesia {unknown}
 m - 5 scrolls of identify {unknown}
 n - 3 scrolls of teleportation {unknown}
 o - 2 scrolls of remove curse {unknown}
 v - a scroll of blinking {unknown}
Potions
 g - a potion of lignification {unknown}
 j - 2 potions of resistance {unknown}
 l - a potion of magic {unknown}
 t - a potion of curing {unknown}
Comestibles
 f - 4 rations


   Skills:
 + Level 2.4 Fighting
 * Level 6.7 Polearms
 - Level 2.0 Throwing
 + Level 4.9 Dodging
 + Level 0.7 Stealth


You had 3 spell levels left.
You didn't know any spells.

Dungeon Overview and Level Annotations

Branches:
Dungeon (3/15)

Altars:
Dithmenos
Fedhas


Message History

You hear some strange, mumbled words.
You are confused.
In your confused state, you trip and fall down the stairs.
You climb downwards.
The orc barely misses you.
There is a stone staircase leading up, spattered with blood here.
You are too confused!
The orc hits you with a war axe!
* * * LOW HITPOINT WARNING * * *
Something hits you.
* * * LOW HITPOINT WARNING * * *
In your confused state, you trip and fall back down the stairs.
* * * LOW HITPOINT WARNING * * *
The orc barely misses you.
The orc priest invokes the aid of Beogh against you.
Pain shoots through your body!
* * * LOW HITPOINT WARNING * * *
Something hits you but does no damage. The orc closely misses you.
Something hits you but does no damage. The orc priest hits you.
You die...

.# .# .#
.## . ..
...
.##....
##.......
#@{......
#oo..##.#
#l...#
.......
(........
..(......(
....#####.
...(..


You could see an orc priest, an orc and a leopard gecko.

Vanquished Creatures
  A scorpion (D:2)
  An adder (D:2)
  A dart slug (D:2)
  2 orcs
  12 bats
  2 giant cockroaches (D:1)
  6 goblins
  4 hobgoblins
  A ball python (D:2)
  6 frilled lizards
  A kobold (D:1)
  4 rats
41 creatures vanquished.

Notes
Turn   | Place    | Note
-------+----------+-------------------------------------------
     0 | D:1      | TheDeThijs the Merfolk Gladiator began the quest for the Orb.
     0 | D:1      | Reached XP level 1. HP: 16/16 MP: 1/1
   196 | D:1      | Reached skill level 5 in Polearms
   196 | D:1      | Reached XP level 2. HP: 17/22 MP: 2/2
   693 | D:2      | Reached XP level 3. HP: 24/27 MP: 3/3
   942 | D:2      | Noticed a scorpion
   949 | D:2      | Killed a scorpion
   949 | D:2      | Reached skill level 6 in Polearms
   949 | D:2      | Reached XP level 4. HP: 18/34 MP: 4/4
  1257 | D:2      | Found a blossoming altar of Fedhas.
  1372 | D:2      | Found a shadowy altar of Dithmenos.
  1378 | D:2      | Became a worshipper of Dithmenos the Shadowed
  1664 | D:3      | HP: 1/34 [orc priest/nerve-wracking pain (6)]
  1665 | D:3      | Slain by an orc priest

Vault maps used:
D:1:      scummos_arrival_simple_crosswalls, minmay_ruptured
D:2:      fedhas_altar_fruit_tree, grunt_dithmenos_smoke
D:3:      lemuel_castle_with_subvaults, overflow_temple_1_default,
          marbit_many_paths, gammafunk_temple_overflow_elements

Skill      XL: |  1  2  3 |
---------------+----------+-----
Polearms       | 5 6 |  6.7
Fighting       | |  2.4
Throwing       | |  2.0
Dodging        | |  4.9
Stealth        | |  0.7

Action                   |  1- 3 |  4- 6 || total
-------------------------+-------+-------++-------
Melee: Trident           |    95 |    12 ||   107
Throw: Javelin           |    18 |     5 ||    23
       Throwing net      |       |     1 ||     1
 Stab: Sleeping          |     1 |     1 ||     2
  Eat: Chunk             |       |     2 ||     2
Armor: Leather armour    |    23 |     2 ||    25
Dodge: Dodged            |    66 |    12 ||    78

Table legend:
 A = Spawn XP
 B = Non-spawn XP
 C = Spawn XP percentage of total XP
 D = Spawn monster count
 E = Non-spawn monster count
 F = Spawn count percentage of total count
 G = Total turns spent on level
                    A         B        C        D         E        F      G
               +---------+---------+-------+---------+---------+-------+---------
         Total |       0 |     145 |   0.0 |       0 |      41 |   0.0 |  1665
               +---------+---------+-------+---------+---------+-------+---------
           D:1 |       0 |      30 |   0.0 |       0 |      19 |   0.0 |   653
           D:2 |       0 |     110 |   0.0 |       0 |      19 |   0.0 |   997
           D:3 |       0 |       5 |   0.0 |       0 |       3 |   0.0 |    15
               +---------+---------+-------+---------+---------+-------+---------
